 Dungeon Crawl Stone Soup version 0.21.0-3-g78d12a8 (webtiles) character file.

149 dobroeutro the Slasher (level 5, -1/41 HPs)
             Began as a Demonspawn Fighter on Jan 9, 2018.
             Slain by an ogre
             ... wielding a +0 giant club
              (28 damage)
             ... on level 3 of the Dungeon.
             The game lasted 00:02:19 (1786 turns).

dobroeutro the Slasher (Demonspawn Fighter)         Turns: 1786, Time: 00:02:20

Health: -1/41      AC:  6    Str: 18    XL:     5   Next: 9%
Magic:  5/5        EV:  7    Int:  9    God:
Gold:   115        SH:  8    Dex: 12    Spells: 4/4 levels left

rFire    . . .     SeeInvis .   a - +0 long sword
rCold    . . .     Gourm    .   c - +0 shield
rNeg     + . .     Faith    .   b - +0 scale mail
rPois    .         Spirit   .   (no helmet)
rElec    .         Reflect  .   (no cloak)
rCorr    .         Harm     .   (no gloves)
MR       .....                  (no boots)
Stlth    ..........             (no amulet)
HPRegen  0.13/turn              o - ring of positive energy
MPRegen  0.09/turn              (no ring)

@: no status effects
A: hooves 2, spiny 2
a: no special abilities


You were on level 3 of the Dungeon.
You were not hungry.

You visited 1 branch of the dungeon, and saw 3 of its levels.

You collected 115 gold pieces.

Inventory:

Hand Weapons
 a - a +0 long sword (weapon)
Armour
 b - a +0 scale mail (worn)
 c - a +0 shield (worn)
Jewellery
 o - a ring of positive energy (left hand)
Scrolls
 e - 2 scrolls of teleportation {unknown}
 h - 5 scrolls of identify {unknown}
 i - a scroll of random uselessness {unknown}
 j - 6 scrolls of remove curse {unknown}
 k - a scroll of fog {unknown}
 n - 2 scrolls of immolation {unknown}
 q - 2 scrolls of enchant weapon {unknown}
Potions
 d - a potion of might
 g - a potion of berserk rage {unknown}
 l - a potion of degeneration {unknown}
 m - 3 potions of heal wounds {unknown}
Comestibles
 f - 3 rations


   Skills:
 - Level 3.0 Fighting
 + Level 4.9 Long Blades
 - Level 2.6 Armour
 - Level 2.6 Shields


You had 4 spell levels left.
You didn't know any spells.

Dungeon Overview and Level Annotations

Branches:
Dungeon (3/15)

Altars:
Kikubaaqudgha
Trog

Annotations:
D:3 Rhok's ghost, amateur DsGl


Innate Abilities, Weirdness & Mutations

You have hoof-like feet.
You are mostly covered in sharp spines.


Message History

The ogre is too close now for your liking.
Your shield and scale mail prevent you from hitting the ogre.
Your kick misses the ogre. The ogre hits you with a giant club!
You hit the ogre. You kick the ogre.
The ogre is lightly wounded.
You block the ogre's attack.
You closely miss the ogre. You kick the ogre, but do no damage.
The ogre is lightly wounded.
The ogre is struck by your spines. The ogre barely misses you.
You riposte.
You barely miss the ogre. You kick the ogre.
The ogre is moderately wounded.
You hit the ogre.
The ogre is moderately wounded.
The ogre barely misses you.
You riposte.
You hit the ogre.
The ogre is moderately wounded.
You closely miss the ogre. You kick the ogre.
The ogre is moderately wounded.
The ogre is struck by your spines. The ogre hits you with a giant club!!
Ouch! That really hurt!
You die...

.###..#.#####.# #.##.##.#
....#.#.......# #.......#
......######### #.##..#.#
##.#### #.###.#.# #.#
####### #.#.....# ##.#
#.....# #.......# #..#
#.....######.#.#.#
#.#######.....##.......#.#
.......##.....##@###.###.#
..##.#.##.>...##O# #.# #
.....#.####.####.# #..
.##..#.# #.# #.# ####
.##..#.####.# #.#
............# #.#
###.##.###### #.#
#.#...##### #.#
#†........#


You could see an ogre.

Vanquished Creatures
  A crimson imp (D:2)
  An orc priest (D:3)
  An adder (D:2)
  2 oozes (D:1)
  A dart slug (D:1)
  5 orcs (D:3)
  4 giant cockroaches
  6 goblins
  10 hobgoblins
  2 jackals (D:1)
  2 quokkas (D:2)
  5 bats
  6 frilled lizards
  6 kobolds
  9 rats
61 creatures vanquished.

Notes
Turn   | Place    | Note
-------+----------+-------------------------------------------
     0 | D:1      | dobroeutro the Demonspawn Fighter began the quest for the Orb.
     0 | D:1      | Reached XP level 1. HP: 18/18 MP: 1/1
    52 | D:1      | Reached skill level 2 in Long Blades
   118 | D:1      | Gained mutation: You are partially covered in sharp spines. [demonic ancestry]
   118 | D:1      | Reached XP level 2. HP: 19/24 MP: 2/2
   290 | D:1      | Reached skill level 3 in Long Blades
   297 | D:1      | Gained mutation: You have large cloven feet. [demonic ancestry]
   297 | D:1      | Reached XP level 3. HP: 28/29 MP: 3/3
   781 | D:2      | Reached skill level 4 in Long Blades
   781 | D:2      | Gained mutation: You are mostly covered in sharp spines. [demonic ancestry]
   781 | D:2      | Reached XP level 4. HP: 24/35 MP: 4/4
   787 | D:2      | Found a bloodstained altar of Trog.
  1173 | D:3      | Found an ancient bone altar of Kikubaaqudgha.
  1352 | D:3      | Gained mutation: You have hoof-like feet. [demonic ancestry]
  1352 | D:3      | Reached XP level 5. HP: 38/41 MP: 5/5
  1540 | D:3      | Noticed Rhok's ghost (amateur DsGl)
  1542 | D:3      | Noticed an ogre
  1786 | D:3      | Slain by an ogre

Skill      XL: |  1  2  3 |
---------------+----------+-----
Long Blades    | 2 3 4 |  4.9
Fighting       | |  3.0
Armour         | |  2.6
Shields        | |  2.6

Action                   |  1- 3 |  4- 6 || total
-------------------------+-------+-------++-------
Melee: Long sword        |    75 |    54 ||   129
       Kick              |    10 |    16 ||    26
  Eat: Chunk             |       |     3 ||     3
Armor: Scale mail        |    27 |    27 ||    54
Dodge: Dodged            |    24 |    13 ||    37
Block: Shield            |    41 |    26 ||    67
       Rpst.: Long sword |     7 |     4 ||    11
